 Dungeon Crawl Stone Soup version 0.27-a0-1416-g941b2bd30b (webtiles) character file.

Game seed: 6843072259772862534

247 wesbby the Covered (level 5, 0/46 HPs)
             Began as a Minotaur Fighter on July 1, 2021.
             Slain by a gnoll (8 damage)
             ... on level 4 of the Dungeon.
             The game lasted 00:03:45 (3379 turns).

wesbby the Covered (Minotaur Fighter)               Turns: 3379, Time: 00:03:45

Health: 0/46       AC:  7    Str: 22    XL:     5   Next: 85%
Magic:  4/4        EV:  8    Int:  5    God:
Gold:   108        SH: 10    Dex:  9    Spells: 4/4 levels left

rFire    . . .     SeeInvis .   a - +0 war axe
rCold    . . .     Faith    .   c - +0 kite shield
rNeg     . . .     Spirit   .   b - +0 scale mail
rPois    .         Reflect  .   (helmet restricted)
rElec    .         Harm     .   (no cloak)
rCorr    .         Rampage  .   (no gloves)
Will     .....                  (no boots)
Stlth    ..........             (no amulet)
HPRegen  0.15/turn              (no ring)
MPRegen  0.09/turn              (no ring)

@: no status effects
A: horns 2, retaliatory headbutt
a: no special abilities


You were on level 4 of the Dungeon.
You visited 1 branch of the dungeon, and saw 4 of its levels.

You collected 108 gold pieces.

Inventory:

Hand Weapons
 a - a +0 war axe (weapon)
Armour
 b - a +0 scale mail (worn)
 c - a +0 kite shield (worn)
Scrolls
 d - a scroll of identify
 e - a scroll of holy word {unknown}
 f - 3 scrolls of fog {unknown}
 g - a scroll of vulnerability {unknown}
 h - a scroll of enchant armour {unknown}
 k - a scroll of noise {unknown}
 l - 2 scrolls of torment {unknown}
 m - a scroll of amnesia {unknown}
 o - a scroll of acquirement {unknown}
Potions
 i - 2 potions of heal wounds
 j - a potion of brilliance {unknown}
 n - a potion of flight


   Skills:
 + Level 4.2 Fighting
 + Level 4.5 Axes
 + Level 5.0 Armour
 + Level 1.7 Dodging
 + Level 0.1 Stealth
 + Level 5.0 Shields


You had 4 spell levels left.
You didn't know any spells.
Your spell library contained the following spells:

 Spells                   Type           Power      Damage    Failure   Level
 Slow                     Hex            0%         N/A       100%        2
 Vampiric Draining        Necr           0%         2d6       100%        3
 Petrify                  Tmut/Erth      0%         N/A       100%        4
 Iskenderun's Battlesphe  Conj           0%         2d6       100%        5
 Iron Shot                Conj/Erth      0%         9d1       100%        6
 Spellforged Servitor     Conj/Summ      0%         N/A       100%        7


Dungeon Overview and Level Annotations

Branches:
Dungeon (4/15)
 Temple: D:4-7

Altars:


Innate Abilities, Weirdness & Mutations

You have a pair of horns on your head.
You reflexively headbutt those who attack you in melee.


Message History

You barely miss the gnoll. Your headbutt misses the gnoll.
The gnoll hits you with a +0 flail.
The gnoll hits you from afar with a +0 spear.
You block the gnoll's attack. x2
You barely miss the gnoll. You block the gnoll's attack.
The gnoll closely misses you. x2
The gnoll hits you from afar with a +0 spear.
The gnoll barely misses you.
You hit the gnoll.
The gnoll is moderately wounded.
The gnoll barely misses you. The gnoll hits you but does no damage.
You block the gnoll's attack. The gnoll hits you but does no damage.
You hit the gnoll. You headbutt the gnoll.
You kill the gnoll!
The gnoll hits you from afar with a +0 spear.
You block the gnoll's attack.
The gnoll hits you from afar with a +0 spear.
The gnoll hits you but does no damage. You block the gnoll's attack.
Things that are here:
a +0 flail; a gnoll corpse The gnoll hits you but does no damage.
The gnoll hits you with a +0 spear. You block the gnoll's attack.
You see here a +0 club.
You barely miss the gnoll. x2; The gnoll hits you with a +0 spear.
The gnoll hits you with a +0 halberd.
You hit the gnoll but do no damage. You hit the gnoll.
You block the gnoll's attack. The gnoll hits you with a +0 halberd!
* * * LOW HITPOINT WARNING * * *
You block the gnoll's attack.
You barely miss the gnoll. You headbutt the gnoll.
The gnoll is moderately wounded.
You hit the gnoll. The gnoll barely misses you.
The gnoll hits you with a +0 spear.
* * * LOW HITPOINT WARNING * * *
You block the gnoll's attack.
The gnoll hits you from afar with a +0 spear.
* * * LOW HITPOINT WARNING * * *
The gnoll hits you from afar with a +0 halberd!
You die...

##..###..#.≈# .#####..##
##.#≈.# .........#####.≈≈### .
##..........##..##.## #.
####...........#...## #.
#..........####..## ##.
#..#####..gg# ##..## ##.. #..
###)## ###..####... ...#
#####)@#####........... ....
##..................#...
.........................###..
#... .....####.<.>......## ##.
...## ###...........##### .#
##......###......#..
.........###.........
....###............... ..##
#).......##.....


You could see 2 gnolls.

Vanquished Creatures
  An ogre (D:2)
  2 gnolls (D:4)
  6 adders
  2 worms (D:2)
  3 dart slugs
  3 orcs (D:3)
  9 ball pythons
  6 bats
  7 endoplasms
  5 giant cockroaches
  9 goblins
  7 hobgoblins
  5 quokkas
  3 kobolds
  10 rats
78 creatures vanquished.

Notes
Turn   | Place    | Note
-------+----------+-------------------------------------------
     0 | D:1      | wesbby the Minotaur Fighter began the quest for the Orb.
     0 | D:1      | Reached XP level 1. HP: 19/19 MP: 0/0
   108 | D:1      | Reached XP level 2. HP: 24/27 MP: 1/1
   587 | D:1      | Reached XP level 3. HP: 24/33 MP: 2/2
  1637 | D:2      | Noticed an ogre
  1643 | D:2      | Killed an ogre
  1644 | D:2      | Reached skill level 1 in Dodging
  1644 | D:2      | Reached XP level 4. HP: 13/40 MP: 3/3
  1644 | D:2      | Reached XP level 5. HP: 15/46 MP: 4/4
  3022 | D:3      | Reached skill level 5 in Armour
  3369 | D:4      | Reached skill level 5 in Shields
  3379 | D:4      | Slain by a gnoll

Illustrated notes

Levels and vault maps discovered:
D:1:      onia_arrival_mini_spirals, layout_basic, minmay_tromino_v4_a
D:2:      layout_basic, minmay_misc_feat_nine_boxes, hex_intersection,
          kennysheep_generic_room_7
D:3:      layout_loops_corners, item_on_display_a
D:4:      layout_layer_cave, general_overflow_altar, gup_sewer_entry_pipe,
          kennysheep_generic_room_14, uniq_menkaure, uniq_grinder

Skill      XL: |  1  2  3  4  5 |
---------------+----------------+-----
Shields        | 4 5 |  5.0
Armour         | 4 5 |  5.0
Axes           | 4 |  4.5
Fighting       | 4 |  4.2
Dodging        | 1 |  1.7
Stealth        | |  0.1

Action                   |  1- 3 |  4- 6 || total
-------------------------+-------+-------++-------
Melee: War axe           |   110 |    91 ||   201
       Headbutt          |    17 |    17 ||    34
  Use: Potion            |     1 |       ||     1
       Scroll            |       |     2 ||     2
Armor: Scale mail        |    49 |    38 ||    87
Dodge: Dodged            |    38 |    38 ||    76
Block: Kite shield       |    73 |    67 ||   140

Table legend: (Time is in decaauts)
 A = Elapsed time spent in this place.
 B = Non-inter-level travel time spent in this place.
 C = Inter-level travel time spent in this place.
 D = Time resting spent in this place.
 E = Time spent auto-exploring this place.
 F = Levels seen in this place.
 G = Mean time per level.
                   A        B        C        D        E       F      G
               +--------+--------+--------+--------+--------+-----+--------+
         Total |   3486 |   3359 |    127 |      0 |   2592 |   4 |  871.5 |
       Dungeon |   3486 |   3359 |    127 |      0 |   2592 |   4 |  871.5 |
               +--------+--------+--------+--------+--------+-----+--------+

Top non-repeatable levels by time:
     D:1: 1192 daAuts
     D:2: 1089 daAuts
     D:3: 1006 daAuts
     D:4: 198 daAuts
